Map: Odyssey LE

Players

SamuraiFunn

  • Race: Protoss Protoss
  • Spawn Location: 11:00

A.I. 1 (Elite) - Winner!

  • Race: Terran Terran
  • Spawn Location: 5:00

VOD

Have the link to the VOD?

Description

Time

  • Played on: Nov. 24, 2017, 10:37 p.m.
  • Length: 10:08
Show
View Real Time Build Order
Export as new Build Order

SamuraiFunn Protoss 

Build Orders: 1 Gate Expand, Double Forge 

Get SALT Encoding   

  12  0:00  Probe  
  13  0:13  Probe  
  14  0:19  Pylon  
  14  0:25  Probe  
  15  0:37  Probe (Chrono Boost)  
  15  0:38  Gateway  
  16  0:49  Probe (Chrono Boost)  
  17  0:55  Assimilator  
  18  0:57  Probe (Chrono Boost)  
  18  1:03  Probe  
  19  1:15  Probe  
  20  1:36  Nexus  
  20  1:42  Cybernetics Core  
  20  1:49  Probe, Pylon  
  20  1:53  Assimilator  
  21  2:01  Probe  
  22  2:13  Probe  
  23  2:22  Warp Gate (Chrono Boost)  
  23  2:35  Gateway  
  23  2:36  Adept  
  25  2:48  Probe, Pylon  
  26  3:01  Probe x2  
  28  3:14  Probe x2  
  30  3:20  Gateway  
  30  3:22  Gateway  
  30  3:26  Adept  
  32  3:28  Probe x2  
  34  3:40  Probe  
  35  3:50  Probe  
  35  3:52  Probe  
  37  4:00  Assimilator  
  37  4:02  Probe  
  38  4:05  Probe  
  38  4:07  Assimilator  
  39  4:14  Probe  
  39  4:15  Pylon  
  41  4:17  Probe  
  41  4:18  Pylon  
  41  4:21  Stalker  
  41  4:22  Stalker x3  
  49  4:31  Forge  
  49  4:32  Forge  
  49  4:33  Probe x2  
  51  4:45  Probe x2  
  53  4:46  Stalker x2  
  53  4:47  Stalker  
  59  5:10  Nexus  
  59  5:11  Probe x2  
  59  5:12  Pylon  
  61  5:19  Protoss Ground Armor Level 1, Protoss Ground Weapons Level 1  
  61  5:28  Probe x2  
  63  5:32  Twilight Council  
  63  5:41  Probe x2  
  65  5:44  Stalker x4  
  73  5:55  Gateway  
  73  5:57  Gateway, Probe x2  
  75  6:20  Probe x2  
  77  6:29  Robotics Facility  
  77  6:31  Probe  
  77  6:32  Pylon  
  78  6:33  Probe x2  
  78  6:34  Assimilator  
  78  6:36  Stalker, Assimilator  
  78  6:39  Stalker  
  84  6:40  Stalker x2  
  88  6:51  Probe x3  
  91  7:06  Probe x3  
  94  7:11  Sentry x3  
  100  7:24  Pylon x2  
  100  7:25  Protoss Ground Weapons Level 2, Protoss Ground Armor Level 2  
  100  7:26  Pylon  
  100  7:31  Gateway x2  
  100  7:33  Gateway  
  100  7:51  Stalker  
  100  7:52  Zealot x2  
  100  7:53  Zealot  
  100  7:54  Zealot  
  100  7:55  Zealot  
  112  8:00  Observer  
  113  8:21  Observer  
  113  8:23  Stalker x3  
  113  8:24  Pylon, Stalker x2  
  124  8:28  Pylon  
  124  8:36  Pylon  
  124  8:43  Observer  
  124  8:46  Pylon  
  125  8:48  Pylon  
  125  8:51  Zealot x3  
  125  8:52  Zealot x3  
  137  9:19  Nexus  
  75  9:49  Zealot x3  
  73  9:59  Zealot x2  
Show
View Real Time Build Order
Export as new Build Order

A.I. 1 (Elite) Terran - Winner!

Build Orders: MMM Bio 

Get SALT Encoding   

  12  0:00  SCV  
  13  0:13  SCV  
  14  0:19  Supply Depot  
  14  0:25  SCV  
  15  0:40  SCV  
  16  0:45  Barracks  
  16  0:53  SCV  
  17  1:05  SCV  
  18  1:17  SCV  
  19  1:19  Supply Depot  
  19  1:23  Refinery  
  19  1:29  SCV  
  20  1:33  Marine  
  21  1:41  SCV  
  22  1:51  Marine  
  22  1:52  Barracks  
  22  1:53  SCV  
  24  1:57  Refinery  
  24  2:04  Supply Depot  
  24  2:06  Orbital Command  
  24  2:08  Marine  
  25  2:26  Marine  
  26  2:31  SCV  
  27  2:40  Command Center  
  27  2:43  SCV  
  28  2:52  Marine  
  29  3:03  SCV, Factory  
  30  3:06  Marine  
  30  3:10  Marine  
  32  3:15  SCV  
  33  3:23  Marine  
  34  3:27  SCV  
  34  3:28  Marine  
  36  3:39  SCV  
  37  3:49  Factory Tech Lab  
  37  3:51  SCV, Marine x2  
  37  3:52  SCV  
  41  3:56  Starport  
  41  4:04  SCV x2  
  41  4:06  Supply Depot  
  41  4:09  Marine x2  
  45  4:16  SCV x2  
  47  4:20  Siege Tank  
  50  4:28  SCV x2  
  50  4:30  Marine  
  50  4:31  Supply Depot  
  53  4:34  Marine  
  53  4:36  Starport Tech Lab  
  54  4:40  SCV x2  
  56  4:47  Supply Depot  
  56  4:52  SCV x2  
  58  4:56  Siege Tank  
  61  5:02  Barracks Tech Lab  
  61  5:04  SCV, Orbital Command  
  64  5:21  Marauder  
  64  5:24  Engineering Bay, Stimpack  
  64  5:31  Command Center  
  66  5:43  Marauder  
  66  5:51  Supply Depot  
  66  5:52  Terran Infantry Weapons Level 1  
  66  5:58  Engineering Bay  
  68  6:04  Marauder  
  68  6:07  Barracks Tech Lab, Barracks  
  68  6:12  Siege Tank  
  71  6:24  Terran Infantry Armor Level 1  
  71  6:25  Combat Shields, Marauder  
  73  6:31  Marauder  
  75  6:33  Supply Depot  
  75  6:43  SCV  
  75  6:45  Siege Tank  
  75  6:46  Marine  
  80  6:51  Refinery  
  80  6:52  Marauder  
  82  6:55  Barracks Reactor  
  82  7:05  Marauder, Refinery  
  84  7:10  Orbital Command  
  84  7:11  Missile Turret  
  84  7:13  Missile Turret  
  84  7:14  SCV, Marauder  
  87  7:16  SCV  
  87  7:19  Barracks  
  88  7:25  Concussive Shells  
  88  7:26  Marauder  
  90  7:30  Command Center  
  90  7:35  SCV  
  90  7:36  SCV x2  
  93  7:41  Marauder  
  93  7:43  Medivac  
  97  7:49  Supply Depot  
  97  7:54  Marauder  
  99  8:02  Marauder  
  99  8:03  Siege Tank  
  104  8:13  Medivac  
  104  8:16  Supply Depot  
  104  8:19  Missile Turret  
  106  8:29  Armory  
  106  8:34  Widow Mine  
  106  8:39  Supply Depot  
  108  8:43  SCV, Missile Turret  
  108  8:45  SCV  
  108  8:47  SCV  
  111  8:49  SCV  
  111  8:55  SCV  
  113  8:57  SCV  
  113  8:59  SCV  
  113  9:02  SCV  
  116  9:03  Siege Tank  
  116  9:07  SCV  
  116  9:08  Marauder  
  116  9:09  SCV  
  122  9:11  SCV  
  122  9:14  SCV  
  122  9:15  Marauder  
  126  9:19  SCV  
  126  9:22  Supply Depot  
  126  9:24  SCV  
  128  9:25  SCV  
  128  9:26  SCV  
  128  9:30  Marauder  
  117  9:31  SCV  
  117  9:32  Marine  
  117  9:33  Marine  
  117  9:34  Marine  
  117  9:35  Widow Mine  
  117  9:36  Marauder  
  106  9:49  Marine  
  106  9:52  Armory  
  109  9:58  Missile Turret  
  109  10:02  Missile Turret  
Tags
 
Add a new tag
Caveats
  • Supply blocks, unpowered buildings, or Contaminate may cause inaccurate times.
  • Supply counts are checked every 10 seconds.